 Dungeon Crawl Stone Soup version 0.31.0-12-g77e489cdc1 (webtiles) character file.

Game seed: 779142313427606567

4760 breaded the Fighter (level 10, -12/86 HPs)
             Began as a Formicid Hunter on Feb 25, 2024.
             Was a Priest of Cheibriados.
             Mangled by Frances
             ... wielding a +2 broad axe of electrocution
              (15 damage)
             ... on level 13 of the Dungeon.
             The game lasted 00:21:55 (9096 turns).

breaded the Fighter (Formicid Hunter)               Turns: 9096, Time: 00:21:55

Health: -12/86     AC:  9    Str: 26    XL:     10   Next: 75%
Magic:  13/16      EV: 13    Int: 17    God:    Cheibriados [***...]
Gold:   589        SH:  0    Dex: 27    Spells: 9/9 levels left

rFire   . . .        a - +0 shortbow
rCold   . . .        (no shield)
rNeg    + . .        x - +1 robe {rN+}
rPois   .            (helmet unavailable)
rElec   .            K - +0 cloak of Vehumet's Wrath {Regen+}
rCorr   .            (no gloves)
SInv    +            i - +0 pair of boots
Will    ++...        n - amulet of the acrobat
Stlth   ++           t - +4 ring of protection
HPRegen 1.14/turn    q - ring of willpower
MPRegen 0.15/turn

%: acrobat
@: very slow
A: permanent stasis, dig shafts and tunnels, antennae 3, four strong arms
a: Dig, Shaft Self, Renounce Religion, Bend Time, Temporal Distortion


You were on level 13 of the Dungeon.
You worshipped Cheibriados.
Cheibriados was most pleased with you.
You visited 1 branch of the dungeon, and saw 11 of its levels.

You collected 589 gold pieces.

Inventory:

Hand Weapons
 a - a +0 shortbow (weapon)
Missiles
 A - a curare-tipped dart
Armour
 i - a +0 pair of boots (worn)
 x - a +1 robe of positive energy (worn)
 K - the +0 cloak of Vehumet's Wrath (worn) {Regen+}
   (You found it on level 10 of the Dungeon)

   Regen+:    It increases your rate of health regeneration.
Jewellery
 j - a ring of protection from fire
 m - a +5 ring of evasion
 n - an amulet of the acrobat (around neck)
 o - a ring of protection from fire
 q - a ring of willpower (right hand)
 t - a +4 ring of protection (left hand)
 y - the amulet of Cavuqoy {RegenMP ^Contam Harm rC++ rN+}
   (You found it on level 6 of the Dungeon)

   [amulet of magic regeneration]

   RegenMP:   It increases your rate of magic regeneration.
   rC++:      It greatly protects you from cold.
   rN+:       It protects you from negative energy.
   ^Contam:   It causes magical contamination when unequipped.
   Harm:      It increases damage dealt and taken.
 F - an amulet of reflection
 G - a ring of positive energy
 J - a ring of magical power
Wands
 H - a wand of polymorph (5)
 L - a wand of light (2) (quivered)
Scrolls
 b - a scroll of butterflies
 c - a scroll of enchant armour
 d - 8 scrolls of teleportation
 e - 3 scrolls of amnesia
 h - 3 scrolls of immolation
 p - 3 scrolls of fear
 B - 3 scrolls of noise {unknown}
 C - 2 scrolls of blinking {unknown}
 E - a scroll of enchant weapon {unknown}
 I - a scroll of vulnerability {unknown}
Potions
 f - 2 potions of might
 g - a potion of lignification
 k - a potion of haste
 l - a potion of invisibility
 r - a potion of cancellation {unknown}
 s - 2 potions of berserk rage
 u - 3 potions of mutation {unknown}
 v - 2 potions of magic {unknown}
 w - 4 potions of enlightenment {unknown}
 z - a potion of degeneration {unknown}
 D - 2 potions of curing {unknown}
 M - a potion of brilliance {unknown}


   Skills:
 - Level 10.3 Fighting
 * Level 10.3 Ranged Weapons
 - Level 1.7 Dodging
 - Level 1.2 Stealth
 * Level 8.7 Invocations


You had 9 spell levels left.
You didn't know any spells.
Your spell library contained the following spells:

 Spells                   Type           Power      Damage    Failure   Level
 Fugue of the Fallen      Necr           0%         N/A       56%         3
 Ozocubu's Armour         Ice            0%         N/A       56%         3
 Manifold Assault         Tloc           0%         N/A       93%         4


Dungeon Overview and Level Annotations

Branches:
Dungeon (13/15)            Temple (0/1) D:5
   Lair: D:8-11         Orc: D:9-12      Vaults: D:13-14

Altars:
Cheibriados
Dithmenos
Nemelex Xobeh
Qazlal

Shops:
D:5 *

Annotations:
D:8 exclusion: downstairs
D:10 exclusions: 3 plants, two-headed ogre and upstairs
D:13 exclusions: ugly thing and 1 more exclusion, Frances


Innate Abilities, Weirdness & Mutations

You cannot be hasted, slowed, berserked, paralysed or teleported.
You can dig through walls and to a lower floor.
You have a pair of large antennae on your head. (SInv)
Your four strong arms can wield two-handed weapons with a shield.


Message History

You shoot an arrow.
Frances shouts!
The arrow hits Frances.
Frances is lightly wounded.
Fire: a) +0 shortbow
Press: ? - help, Shift-Dir - straight line, f/p - Frances
Aim: Frances, wielding a +2 broad axe of electrocution and wearing a +3 leather armour of willpower (lightly wounded, wandering, blind, unable to see you, hasn't noticed you, 73% to hit)
You shoot an arrow.
The arrow hits Frances but does no damage.
Frances is lightly wounded.
Fire: a) +0 shortbow
Press: ? - help, Shift-Dir - straight line, f/p - Frances
Aim: Frances, wielding a +2 broad axe of electrocution and wearing a +3 leather armour of willpower (lightly wounded, blind, unable to see you, 73% to hit)
You shoot an arrow. The arrow closely misses Frances.
Frances is no longer blind.
Okay, then.
Aiming: Bolt of Light
Press: ? - help, Q - select action, (/) - cycle Shift-Dir - straight line, f/p - Frances
Aim: Frances, wielding a +2 broad axe of electrocution and wearing a +3 leather armour of willpower (lightly wounded, 71% to hit)
The bolt of light hits Frances.
Frances is lightly wounded.
Frances is blinded.
Frances hits you with a +2 broad axe of electrocution!!
The flow of time bends around you.
Frances resists with some effort.
Frances chants phrases taken from a devil's mouth.
The iron shot hits you!!!
* * * LOW HITPOINT WARNING * * *
Throw: 2 darts (curare)
Press: ? - help, Q - select action, (/) - cycle Shift-Dir - straight line, f/p - Frances
Aim: Frances, wielding a +2 broad axe of electrocution and wearing a +3 leather armour of willpower (lightly wounded, blind, unable to see you, 68% to hit)
You throw a curare-tipped dart.
The curare-tipped dart barely misses Frances.
Aiming: Bolt of Light
Press: ? - help, Q - select action, (/) - cycle Shift-Dir - straight line, f/p - Frances
Aim: Frances, wielding a +2 broad axe of electrocution and wearing a +3 leather armour of willpower (lightly wounded, blind, unable to see you, 71% to hit)
The bolt of light misses Frances.
Frances hits you with a +2 broad axe of electrocution!!
* * * LOW HITPOINT WARNING * * *
You are electrocuted!
You die...

#######.......#/...
##..###.#.#.#
######..# #....(# #
........###.....##(
#######.##........
#.# #.....# #.#
#<...# .##
#.#####@.#.....
#.....@......#
##############


You could see Frances (blind, unable to see you).

Vanquished Creatures
  Erica (D:10)
  A wraith (D:13)
  2 steam dragons
  10 yaks (D:10)
  A water moccasin (D:7)
  2 orc warriors
  A sky beast (D:7)
  An ice beast (D:8)
  An ogre (D:6)
  2 bullfrogs
  A gnoll sergeant (D:13)
  2 scorpions
  7 wights
  4 howler monkeys
  6 crimson imps (D:6)
  2 jellies
  A bombardier beetle (D:4)
  A gnoll bouda (D:5)
  5 orc priests
  3 sleepcaps
  3 orc wizards
  2 iguanas (D:5)
  6 gnolls
  6 adders
  2 shadow imps
  5 white imps
  2 ufetubi (D:3)
  A dart slug (D:1)
  A ribbon worm (D:2)
  39 orcs
  6 ball pythons
  10 bats
  6 endoplasms
  2 giant cockroaches
  7 goblins
  6 hobgoblins
  6 jackals
  4 quokkas
  2 frilled lizards (D:2)
  6 kobolds
  6 rats
182 creatures vanquished.

Notes
Turn   | Place    | Note
-------+----------+-------------------------------------------
     0 | D:1      | breaded the Formicid Hunter began the quest for the Orb.
     0 | D:1      | Reached XP level 1. HP: 16/16 MP: 1/1
    83 | D:1      | Reached XP level 2. HP: 22/22 MP: 2/2
   382 | D:1      | Reached XP level 3. HP: 27/27 MP: 3/3
   425 | D:1      | Found a faded altar of an unknown god.
   505 | D:1      | Reached skill level 5 in Ranged Weapons
  1023 | D:2      | Reached XP level 4. HP: 33/33 MP: 4/4
  1648 | D:3      | Identified the +2 trident of the Desert {vamp, Str+3}
  2223 | D:3      | Found a snail-covered altar of Cheibriados.
  2278 | D:3      | Became a worshipper of Cheibriados the Contemplative
  2285 | D:3      | Reached XP level 5. HP: 32/38 MP: 5/5
  2677 | D:4      | Reached XP level 6. HP: 44/44 MP: 6/6
  2739 | D:4      | Found a sparkling altar of Nemelex Xobeh.
  3189 | D:5      | Entered Level 5 of the Dungeon
  3570 | D:5      | Found a staircase to the Ecumenical Temple.
  3604 | D:5      | Found a stormy altar of Qazlal.
  3607 | D:5      | Identified the +6 hand axe "Ufraal" {antimagic, rPois rF+
                  | Str+4}
  3664 | D:5      | You fall into a shaft and drop 3 floors!
  3788 | D:8      | Noticed an orc warrior
  3823 | D:7      | Reached * piety under Cheibriados
  3824 | D:7      | Reached XP level 7. HP: 27/50 MP: 7/7
  4333 | D:7      | Noticed a steam dragon
  4355 | D:7      | Killed a steam dragon
  4492 | D:7      | Reached XP level 8. HP: 53/61 MP: 8/8
  4755 | D:7      | Reached skill level 5 in Fighting
  5040 | D:6      | Identified the amulet of Cavuqoy {RegenMP ^Contam Harm rC++
                  | rN+}
  5608 | D:5      | Reached ** piety under Cheibriados
  5882 | D:5      | Found Qusibo's Assorted Antiques.
  6155 | D:5      | Reached XP level 9. HP: 75/75 MP: 9/9
  6380 | D:6      | Reached *** piety under Cheibriados
  6474 | D:6      | Found a shadowy altar of Dithmenos.
  6670 | D:6      | Reached skill level 10 in Fighting
  6808 | D:7      | Noticed a hornet
  6959 | D:8      | Reached skill level 1 in Invocations
  7756 | D:9      | Noticed a gargoyle
  7891 | D:10     | Entered Level 10 of the Dungeon
  7901 | D:10     | Reached skill level 5 in Invocations
  8135 | D:10     | Reached XP level 10. HP: 75/86 MP: 14/14
  8178 | D:10     | Noticed a two-headed ogre
  8247 | D:10     | Noticed Erica
  8267 | D:10     | Killed Erica
  8518 | D:10     | Reached **** piety under Cheibriados
  8653 | D:10     | Identified the +0 cloak of Vehumet's Wrath {Regen+}
  8769 | D:10     | Reached skill level 10 in Ranged Weapons
  8810 | D:10     | You fall into a shaft and drop 3 floors!
  8971 | D:13     | Noticed a boulder beetle
  9031 | D:13     | Noticed a brown ugly thing
  9084 | D:13     | Noticed Frances
  9096 | D:13     | HP: 3/86 [Frances/+2 broad axe of electrocution (21)]
  9096 | D:13     | Mangled by Frances

Illustrated notes

Levels and vault maps discovered:
D:1:      mrwooster_arrival_arrow, layout_basic,
          hellmonk_ecumenical_altar_arch_garden, minmay_stone_trees_small,
          nicolae_kite_square_tiling_tiny, minmay_misc_feat_room,
          minmay_small_reverse_x
D:2:      layout_loops_ring
D:3:      layout_basic, cheibriados_altar_1
D:4:      layout_basic, mainiacjoe_overflow_small_starburst, minmay_door_square
D:5:      layout_loops_ring, mainiacjoe_overflow_24_doors,
          minmay_temple_entry_statues, serial_shops, shop
D:6:      layout_basic, nicolae_dithmenos_shadow_blocks, palyth_stone_intersect,
          minmay_misc_feat_pillars, hangedman_decor_slide_cut,
          grunt_decor_fettered, minmay_nine_imps
D:7:      layout_basic
D:8:      layout_loops_ring
D:9:      layout_small_grid, ashenzari_conservatory_becter, lemuel_tele_altar
D:10:     layout_basic, fedhas_altar_fruit_tree, general_overflow_altar,
          david_lair_shrubbed, uniq_erica
D:13:     layout_loops_ring, uniq_frances

Skill      XL: |  1  2  3  4  5  6  7  8  9 10 |
---------------+-------------------------------+-----
Ranged Weapons | 5 6 7 8 10 | 10.3
Fighting       | 4 8 10 | 10.3
Invocations    | 5 8 |  8.7
Dodging        | |  1.7
Stealth        | |  1.2

Action                     |  1- 3 |  4- 6 |  7- 9 | 10-12 || total
---------------------------+-------+-------+-------+-------++-------
   Fire: Shortbow          |   110 |   216 |   443 |   138 ||   907
  Throw: Dart              |       |       |       |     1 ||     1
 Invoke: Bend Time         |       |       |       |     2 ||     2
         Slouch            |       |       |       |     1 ||     1
Ability: Shaft Self        |       |     1 |       |     1 ||     2
         Dig               |       |       |     1 |       ||     1
  Evoke: Wand              |       |       |       |     6 ||     6
    Use: Scroll            |     4 |     7 |     1 |     1 ||    13
         Potion            |       |     1 |     2 |     1 ||     4
 Armour: Leather armour    |    16 |    32 |       |       ||    48
         Robe              |       |    38 |   156 |    49 ||   243
         Skin              |       |       |     1 |       ||     1
  Dodge: Dodged            |    20 |   182 |   127 |    49 ||   378
